cohdb
Replays
Latest Replays
All Replays
Popular Replays
Top Player Replays
Match Explorer
How It Works
Community
CoH3 Stats
Reddit
Sign in to upload your games and track your stats! →
Sign in with Steam
3v3 Great back and forth LOTS of Tigers
Match 7900327
Overview
Messages
Build Orders
End
Royal Engineer Section
Construct Section Command Post
Vickers Machine Gun Team
Infantry Section
Training Center
Grenade Package
Selects Indian Artillery Battlegroup
Selects Towed ML 4.2-inch Heavy Mortar
Towed ML 4.2-inch Heavy Mortar
Construct Platoon Command Post
6-pounder Anti-tank Gun Team
Selects Valour
Selects Gurkha Rifles Section
Gurkha Rifles Section
Construct Company Command Post
Foot Guards Section
Selects Volunteer Infantry
Matilda II Heavy Tank
Selects Off-map Airburst Barrage
Matilda II Heavy Tank
Armored Vehicle Training
Infantry Training
Selects BL5.5 Artillery Emplacement
Off-map Airburst Barrage
Gurkha Rifles Section
Unlock M3 Grant Medium Tanks
Off-map Airburst Barrage
M3 Grant Medium Tank
Off-map Airburst Barrage
CMP 15cwt Truck
Gurkha Rifles Section
Off-map Airburst Barrage
Matilda II Heavy Tank
Off-map Airburst Barrage
Unlock Towed 17-pounder Anti-tank Guns
17-pounder Anti-tank Gun Team
Gurkha Rifles Section
Off-map Airburst Barrage
Matilda II Heavy Tank
Royal Engineer Section
Off-map Airburst Barrage
Foot Guards Section
Off-map Airburst Barrage
Off-map Airburst Barrage
Team Weapon Training
M3 Grant Medium Tank
Off-map Airburst Barrage
broodwarjc
Shameful Display
Ecce Mono
Plebsters
Marty
maybridge
0
0
Comments
sign in to comment!
No comments posted yet!